 Dungeon Crawl Stone Soup version 0.21.1-1-g345015fe64 (webtiles) character file.

2088 Gargoyl the Schismatic (level 9, -2/73 HPs)
             Began as a Centaur Abyssal Knight on Feb 13, 2018.
             Was an Elder of Lugonu.
             Killed from afar by an orc (4 damage)
             ... with a wand of acid (8)
             ... on level 8 of the Dungeon.
             The game lasted 00:12:24 (8455 turns).

Gargoyl the Schismatic (Centaur Abyssal Knight)     Turns: 8455, Time: 00:12:24

Health: -2/73      AC: 15    Str: 16    XL:     9   Next: 6%
Magic:  13/13      EV:  3    Int: 11    God:    Lugonu [****..]
Gold:   620        SH:  0    Dex: 11    Spells: 8/8 levels left

rFire    . . .     SeeInvis +   v - +2 long sword "Buddiu" {vamp, rElec rPois rC+ SInv}
rCold    + . .     Gourm    .   (no shield)
rNeg     . . .     Faith    .   h - +0 plate armour
rPois    +         Spirit   .   E - +0 helmet
rElec    +         Reflect  .   i - +0 cloak
rCorr    .         Harm     .   (no gloves)
MR       +....                  m - +0 centaur barding
Stlth    ..........             (no amulet)
HPRegen  0.22/turn              t - +2 ring of evasion
MPRegen  0.13/turn              (no ring)

@: corroded, very quick
A: large, hooves 3, thin metallic scales 1, blurry vision 1, deformed body,
speed 2, magic resistance 1, tough skin 3
a: Depart the Abyss, Bend Space, Banish, Corrupt, Renounce Religion


You were on level 8 of the Dungeon.
You worshipped Lugonu.
Lugonu was greatly pleased with you.
You were very hungry.

You visited 1 branch of the dungeon, and saw 8 of its levels.
You visited the Abyss 1 time.
You also visited: Ossuary.

You collected 620 gold pieces.

Inventory:

Hand Weapons
 a - a +2 hand axe
 v - the +2 long sword "Buddiu" (weapon) {vamp, rElec rPois rC+ SInv}
   (You found it on level 6 of the Dungeon)

   It inflicts no extra harm, but heals its wielder when it wounds a living foe.
   It protects you from cold.
   It insulates you from electricity.
   It protects you from poison.
   It lets you see invisible.
Missiles
 f - 7 tomahawks (quivered)
 A - 8 javelins
Armour
 h - a +0 plate armour (worn)
 i - a +0 cloak (worn)
 m - a +0 centaur barding (worn)
 E - a +0 helmet (worn)
Jewellery
 t - a +2 ring of evasion (left hand)
Wands
 j - a wand of flame (23)
 C - a wand of polymorph (17)
Scrolls
 d - 10 scrolls of identify
 e - 3 scrolls of remove curse
 l - 2 scrolls of enchant weapon
 n - 2 scrolls of teleportation
 o - 4 scrolls of blinking
 w - a scroll of holy word {unknown}
 x - 3 scrolls of magic mapping
 y - 2 scrolls of amnesia {unknown}
 B - a scroll of brand weapon {unknown}
 D - a scroll of fog {unknown}
Potions
 b - 3 potions of heal wounds
 g - 2 potions of invisibility
 k - 4 potions of curing
 p - 4 potions of cancellation
 q - 2 potions of ambrosia
 r - a potion of magic
 s - 3 potions of flight
 u - a potion of brilliance {unknown}
 z - a potion of haste {unknown}
Comestibles
 c - 11 rations


   Skills:
 + Level 4.8 Fighting
 + Level 3.1 Long Blades
 + Level 5.6 Axes
 + Level 1.4 Throwing
 * Level 5.4 Armour
 + Level 1.2 Dodging
 * Level 5.7 Invocations


You had 8 spell levels left.
You didn't know any spells.

Dungeon Overview and Level Annotations

Branches:
Dungeon (8/15)             Temple (0/1) D:4
   Lair: D:8-11

Altars:
Ashenzari
Elyvilon
Fedhas
Nemelex Xobeh
Xom
Zin

Annotations:
D:8 Iskender's ghost, novice OpWn
Abyss:1 Prince Ribbit


Innate Abilities, Weirdness & Mutations

You have hooves in place of feet.
Armour fits poorly on your strangely shaped body.
You cover ground very quickly.
You have extremely tough skin. (AC +3)
You are partially covered in thin metallic scales. (AC +2)
Scrolls take you a little longer to read.
You are resistant to hostile enchantments. (MR+)


Message History

You hit Iskender's ghost. Your kick misses Iskender's ghost.
Iskender's ghost is moderately damaged.
Iskender's ghost hits you but does no damage.
The orc hits you but does no damage. Iskender's ghost hits you.
The orc hits you but does no damage.
You closely miss Iskender's ghost. Your kick misses Iskender's ghost.
Iskender's ghost is moderately damaged.
The orc hits you but does no damage.
Iskender's ghost hits you but does no damage.
Unknown command.
The orc priest calls down the wrath of Beogh upon you.
Pain shoots through your body!
You see here a giant cockroach corpse.
The orc zaps a wand.
The bolt of acid hits you!
* * * LOW HITPOINT WARNING * * *
You are splashed with acid!
The acid burns!
* * * LOW HITPOINT WARNING * * *
There is a stone staircase leading up here.
The orc zaps a wand.
The bolt of acid hits you!
You die...

.##...............
..................
.......o.........#
.................#
...#..o.†.##+#...#
...#..o.W.# ..#
..%....o..#
...###...##
.......@.#
#..###...# .
........
............
#..###...#...# ..
.......... #
##.........
#..##...#.


You could see an orc priest, Iskender's ghost and 3 orcs.

Vanquished Creatures
  Grinder (D:5)
  An orc warrior (D:6)
  Purgy (D:3)
  A necrophage (D:7)
  A phantom (D:7)
  A black bear (D:7)
  An ice beast (D:7)
  3 bullfrogs
  A scorpion (D:5)
  2 centaur zombies (D:5)
  3 crimson imps
  A jelly (D:5)
  4 hounds
  3 orc priests (D:7)
  4 orc wizards
  Crazy Yiuf (D:5)
  3 worker ants
  A hound skeleton (D:4)
  8 mummies (Ossuary)
  7 gnolls
  6 adders
  An ufetubus (Abyss:1)
  2 oozes
  3 worms
  A dart slug (D:1)
  5 leopard geckos
  20 orcs
  6 giant cockroaches
  3 gnoll zombies (Ossuary)
  5 hobgoblins
  9 jackals (D:3)
  6 quokkas
  A ball python (D:1)
  10 bats
  10 frilled lizards
  11 goblins
  2 hobgoblin zombies (Ossuary)
  A jackal skeleton (D:4)
  9 kobolds
  3 orc zombies (Ossuary)
  A quokka skeleton (D:7)
  8 rats
171 creatures vanquished.

Notes
Turn   | Place    | Note
-------+----------+-------------------------------------------
     0 | Abyss:1  | Gargoyl the Centaur Abyssal Knight began the quest for the Orb.
     0 | Abyss:1  | Reached XP level 1. HP: 19/19 MP: 2/2
     2 | Abyss:1  | Gained mutation: Your body sometimes deteriorates upon taking damage. [potion of mutation]
     2 | Abyss:1  | Gained mutation: You are robust. (+10% HP) [potion of mutation]
   139 | Abyss:1  | Noticed a large abomination
   165 | Abyss:1  | Noticed a ynoxinul
   168 | D:1      | Escaped the Abyss
   418 | D:1      | Reached XP level 2. HP: 26/28 MP: 3/3
   584 | D:1      | Reached * piety under Lugonu
  1097 | D:1      | You fall through a shaft!
  1165 | D:2      | Reached XP level 3. HP: 34/34 MP: 4/4
  1649 | D:2      | Reached XP level 4. HP: 22/44 MP: 5/5
  2116 | D:2      | Found a faded altar of an unknown god.
  2120 | D:2      | Reached ** piety under Lugonu
  2880 | D:3      | Reached XP level 5. HP: 45/50 MP: 7/7
  3059 | D:3      | Noticed Purgy
  3081 | D:3      | Killed Purgy
  3081 | D:3      | Reached skill level 1 in Dodging
  3349 | D:3      | Found a glowing silver altar of Zin.
  3361 | D:3      | Reached XP level 6. HP: 31/57 MP: 8/8
  3516 | D:3      | Found a blossoming altar of Fedhas.
  3664 | D:3      | Reached *** piety under Lugonu
  3913 | D:4      | Found a sand-covered staircase.
  3919 | Ossuary  | Entered an ossuary
  4411 | Ossuary  | Reached skill level 1 in Throwing
  4763 | D:4      | Found a staircase to the Ecumenical Temple.
  4850 | D:4      | Found a shimmering altar of Xom.
  5008 | D:5      | Entered Level 5 of the Dungeon
  5052 | D:5      | Reached XP level 7. HP: 59/64 MP: 10/10
  5487 | D:5      | Noticed Grinder
  5495 | D:5      | Paralysed by Grinder for 5 turns
  5523 | D:5      | Killed Grinder
  5523 | D:5      | Reached skill level 5 in Axes
  5637 | D:5      | Found a runed door.
  5901 | D:5      | Found a shattered altar of Ashenzari.
  6089 | D:5      | Noticed Prince Ribbit
  6095 | D:5      | Banished Prince Ribbit
  6095 | D:5      | Reached XP level 8. HP: 73/73 MP: 11/11
  6241 | D:5      | Noticed Crazy Yiuf
  6253 | D:5      | Killed Crazy Yiuf
  6467 | D:6      | Got a slimy long sword
  6470 | D:6      | Identified the cursed +2 long sword "Buddiu" {vamp, rElec rPois rC+ SInv} (You found it on level 6 of the Dungeon)
  6495 | D:6      | Lost mutation: Your body sometimes deteriorates upon taking damage. [potion of mutation]
  6495 | D:6      | Lost mutation: You are robust. (+10% HP) [potion of mutation]
  6495 | D:6      | Gained mutation: You are resistant to hostile enchantments. (MR+) [potion of mutation]
  6495 | D:6      | Gained mutation: Scrolls take you a little longer to read. [potion of mutation]
  6495 | D:6      | Gained mutation: You are partially covered in thin metallic scales. (AC +2) [potion of mutation]
  6584 | D:6      | Reached skill level 5 in Invocations
  7298 | D:7      | Reached skill level 1 in Long Blades
  7306 | D:7      | Reached **** piety under Lugonu
  7324 | D:7      | Found a white marble altar of Elyvilon.
  7520 | D:7      | Found a sparkling altar of Nemelex Xobeh.
  7560 | D:7      | Reached skill level 5 in Armour
  7835 | D:7      | Reached XP level 9. HP: 35/73 MP: 13/13
  8412 | D:8      | Noticed Iskender's ghost (novice OpWn)
  8452 | D:8      | HP: 1/73 [acid (13)]
  8455 | D:8      | Killed from afar by an orc

Skill      XL: |  1  2  3  4  5  6  7  8 |
---------------+-------------------------+-----
Axes           | 2 3 5 |  5.6
Armour         | 2 3 5 |  5.4
Fighting       | 4 |  4.8
Dodging        | 1 |  1.2
Invocations    | 3 4 5 |  5.7
Throwing       | 1 |  1.4
Long Blades    | 3 |  3.1

Action                   |  1- 3 |  4- 6 |  7- 9 || total
-------------------------+-------+-------+-------++-------
Melee: Hand axe          |   114 |   240 |   105 ||   459
       Kick              |    16 |    46 |    71 ||   133
       Long sword        |       |       |   182 ||   182
Throw: Tomahawk          |       |     6 |     3 ||     9
Invok: Depart the Abyss  |     1 |       |       ||     1
       Banish            |       |       |     1 ||     1
  Use: Potion            |     3 |     2 |     2 ||     7
       Scroll            |     6 |     5 |     5 ||    16
  Eat: Chunk             |     1 |     9 |     7 ||    17
       Ration            |       |       |     2 ||     2
Armor: Chain mail        |    22 |       |       ||    22
       Leather armour    |     1 |       |       ||     1
       Plate armour      |   101 |   283 |   392 ||   776
       Skin              |       |    57 |     6 ||    63
Dodge: Dodged            |    13 |    27 |    54 ||    94
       Rpst.: Long sword |       |       |    21 ||    21
